 Dungeon Crawl Stone Soup version 0.30-b1-2-g02819fbbbe (webtiles) character file.

Game seed: 5982106584872326270

575230 LLlMATKO the Slayer (level 25, -20/249 HPs)
             Began as a Minotaur Berserker on Oct 15, 2023.
             Was the Champion of Trog.
             Demolished by an iron golem (31 damage)
             ... in the Vestibule of Hell.
             The game lasted 01:29:10 (56204 turns).

LLlMATKO the Slayer (Minotaur Berserker)           Turns: 56204, Time: 01:29:11

Health: -20/249    AC: 37    Str: 35    XL:     25   Next: 76%
Magic:  31/31      EV: 15    Int:  4    God:    Trog [******]
Gold:   7046       SH: 28    Dex: 11    Spells: 24/24 levels left

rFire   + + .        n - +16 obsidian axe {drain, demonic, Mesm Drain Fly SInv}
rCold   + . .        Y - +1 tower shield of Xuwn {Will+ rCorr Dex+4}
rNeg    . . .        r - +1 gold dragon scales
rPois   +            L - +2 hat of the Swamp {Regen+}
rElec   +            P - +2 cloak {Will+}
rCorr   +            U - +0 pair of gloves of Kycy {Rampage}
SInv    +            j - +0 pair of boots
Will    +++..        Q - amulet "Bowymy" {Reflect +Inv rElec SH+5 Stlth+} Stlth
                     K - ring "Rofoajol" {Fly MP+9 Str+4 Dex-2 Slay+2}
HPRegen 1.41/turn    X - ring of protection from fire
MPRegen 0.22/turn

%: reflection, rampage
@: on berserk cooldown, flying, mesmerised, slowed, studying Unarmed Combat,
very slow
A: horns 2, retaliatory headbutt, clumsy 1, weak 1, inability to read after
injury 1
}: 3/15 runes: barnacled, silver, gossamer
a: Renounce Religion, Evoke Invisibility, Berserk, Trog's Hand, Brothers in Arms


You were in the Vestibule of Hell.
You worshipped Trog.
Trog was exalted by your worship.
You visited 9 branches of the dungeon, and saw 43 of its levels.
You visited 1 bazaar.
You also visited: Gauntlet and Ice Cave.

You collected 9099 gold pieces.
You spent 2053 gold pieces at shops.

Inventory:

Hand Weapons
 a - a +3 heavy broad axe
 l - a +5 antimagic broad axe
 n - the +16 obsidian axe (weapon) {drain, demonic, Mesm Drain Fly SInv}
   (You took it off a deep elf death mage on level 3 of the Elven Halls)

   Mesm:      Its wielder is mesmerised by any visible foes, and it cannot be
   unequipped while any foes are visible.
   SInv:      It lets you see invisible.
   Fly:       It grants you flight.
   Drain:     It drains your maximum health when unequipped.
 S - the +1 broad axe of Karma {heavy, Str-3 Int+4}
   (You acquired it on level 3 of the Vaults)

   Str:       It affects your strength (-3).
   Int:       It affects your intelligence (+4).
Missiles
 f - 79 poisoned darts (quivered)
 R - 6 throwing nets
Armour
 j - a +0 pair of boots (worn)
 r - +1 gold dragon scales (worn)
 L - the +2 hat of the Swamp (worn) {Regen+}
   (You acquired it on level 4 of the Lair of Beasts)

   Regen:     It increases your rate of health regeneration.
 P - a +2 cloak of willpower (worn)
 U - the +0 pair of gloves of Kycy (worn) {Rampage}
   (You acquired it on level 5 of the Vaults)

   Rampage:   It bestows one free step when moving towards enemies.
 Y - the +1 tower shield of Xuwn (worn) {Will+ rCorr Dex+4}
   (You took it off Louise on level 1 of the Elven Halls)

   Dex:       It affects your dexterity (+4).
   rCorr:     It protects you from acid and corrosion.
   Will:      It increases your willpower.
Jewellery
 u - the ring "Nuluat" {rN+ rCorr MP+9 Int+4}
   (You found it on level 1 of the Lair of Beasts)

   [ring of magical power]

   Int:       It affects your intelligence (+4).
   rN:        It protects you from negative energy.
   MP:        It affects your magic capacity (+9).
   rCorr:     It protects you from acid and corrosion.
 x - a ring of protection from fire
 y - a ring of protection from cold
 K - the ring "Rofoajol" (left hand) {Fly MP+9 Str+4 Dex-2 Slay+2}
   (You found it in an ice cave)

   [ring of magical power]

   Str:       It affects your strength (+4).
   Dex:       It affects your dexterity (-2).
   Slay:      It affects your accuracy & damage with ranged weapons and melee
   (+2).
   MP:        It affects your magic capacity (+9).
   Fly:       It grants you flight.
 Q - the amulet "Bowymy" (around neck) {Reflect +Inv rElec SH+5 Stlth+}
   (You found it in a Gauntlet)

   [amulet of reflection]

   It reflects blocked missile attacks.
   rElec:     It insulates you from electricity.
   +Inv:      It lets you turn invisible.
   SH:        It affects your SH (+5).
   Stlth:     It makes you more stealthy.
 V - the ring of the Hare {EV+10}
   (You took it off a hell knight on level 5 of the Vaults)

   [ring of evasion]

   EV:        It affects your evasion (+10).
 X - a ring of protection from fire (right hand)
Wands
 b - a wand of flame (135)
 q - a wand of light (39)
 E - a wand of charming (48)
 I - a wand of iceblast (56)
 M - a wand of mindburst (12)
 O - a wand of digging (23)
 W - a wand of polymorph (13)
Scrolls
 c - 6 scrolls of noise
 e - 10 scrolls of enchant weapon
 g - 20 scrolls of teleportation
 h - 11 scrolls of immolation
 i - 11 scrolls of fear
 o - 35 scrolls of identify
 p - 8 scrolls of enchant armour
 s - 14 scrolls of blinking
 w - 11 scrolls of vulnerability
 z - a scroll of brand weapon
 A - a scroll of summoning
 F - 7 scrolls of fog
 G - 10 scrolls of poison
 J - a scroll of magic mapping
 T - 6 scrolls of silence
Potions
 d - 30 potions of curing
 k - 6 potions of haste
 m - 4 potions of invisibility
 t - a potion of cancellation
 v - 13 potions of heal wounds
 B - 6 potions of resistance
 C - 10 potions of might
 D - 11 potions of mutation
 H - 2 potions of berserk rage
 N - 5 potions of ambrosia
 Z - 6 potions of flight


   Skills:
 + Level 25.0 Fighting
 + Level 25.0 Axes
 + Level 25.0 Armour
 + Level 23.1 Dodging
 + Level 22.8 Shields


You had 24 spell levels left.
You didn't know any spells.
Your spell library was empty.

Dungeon Overview and Level Annotations

Branches:
Dungeon (15/15)            Temple (0/1) D:6            Lair (5/5) D:11
 Shoals (4/4) Lair:2       Spider (4/4) Lair:2        Slime (0/5) Lair:5
    Orc (2/2) D:10            Elf (3/3) Orc:2        Vaults (5/5) D:13
  Crypt (0/3) Vaults:3     Depths (4/4) D:15           Hell (1/1)
    Zot (0/5) Depths:4      IceCv (visited)         Gauntlet (visited)
    Dis: Hell:1         Geh: Hell:1         Coc: Hell:1         Tar: Hell:1

Altars:
Elyvilon
Fedhas
Gozag
Kikubaaqudgha
Nemelex Xobeh
Okawaru
Trog
Uskayaw
Vehumet
Xom
The Shining One
Jiyva

Shops:
D:1 !   D:14 (   Orc:2 (:[*   Elf:2 ?   Shoals:1 *![   Vaults:4 !

Portals:
Hell: Depths:1 Depths:2 Depths:3 Depths:4
Abyss: Depths:3 Depths:4
Pandemonium: Depths:2 Depths:3 Depths:4
Ziggurat: Depths:1


Innate Abilities, Weirdness & Mutations

You have a pair of horns on your head.
You reflexively headbutt those who attack you in melee.
You are clumsy. (Dex -2)
You are weak. (Str -2)
You occasionally lose the ability to read scrolls when taking damage.


Message History

Visions of slaying the crystal echidna flood into your mind.
You block the iron golem's attack. x2
The crystal echidna bites you but does no damage.
Unknown command.
Unknown command.
Unknown command.
You slice the iron golem!! You headbutt the iron golem.
The iron golem is severely damaged.
You slice the crystal echidna!! The iron golem hits you.
* * * LOW HITPOINT WARNING * * *
You block the iron golem's attack. You block the crystal echidna's attack.
Unknown command.
Unknown command.
You slash the iron golem!
The iron golem is severely damaged.
You hit the crystal echidna but do no damage.
The iron golem hits you but does no damage.
You block the iron golem's attack.
The crystal echidna throws crystal bolt at you.
The crystal bolt burns you! You resist.
* * * LOW HITPOINT WARNING * * *
Unknown command.
Unknown command.
You barely miss the iron golem.
You headbutt the iron golem, but do no damage.
The iron golem is severely damaged.
You hit the crystal echidna.
Visions of slaying the iron golem flood into your mind.
You block the crystal echidna's attack.
The iron golem hits you but does no damage.
The iron golem hits you!!
* * * LOW HITPOINT WARNING * * *
Unknown command.
Unknown command.
You feel much better. You block the crystal echidna's attack.
The iron golem hits you!!
* * * LOW HITPOINT WARNING * * *
The iron golem barely misses you. You block the iron golem's attack.
The iron golem hits you!!
You die...

.......... ....
...............
.................
.....#.#.. ... .
..##.....##.. ...
.. #.........# ....
...#....#†...#.....
......#))..........
#...)∩.∩@...#....
.....#..)r9#.......
..#...))∩.....#....
3.........#........
...#....#....#.....
.. #.........#.....
. ..##.....##...r.
... ..#.#.. .. ..
......... ..


You could see an iron golem (mesmerising) and a crystal echidna.

Vanquished Creatures
  A dread lich (Vaults:5)
  An ancient lich (Vaults:5)
  Mennas (Vaults:2)
  Sojobo (Depths:2)
  Frederick (Depths:3)
  The ghost of rgbqcd the Executioner, a veteran MiBe of Trog (Vaults:3)
  Geryon (Hell)
  4 golden dragons
  The ghost of Ralhos the Executioner, an adept MiBe of Trog (Depths:3)
  A caustic shrike (Depths:2)
  Nikola (Depths:1)
  the Enchantress (Depths:1)
  Arachne (Spider:3)
  2 doom hounds (Hell)
  Rupert (D:15)
  Jorgrun (D:14)
  7 liches
  A quicksilver dragon (Vaults:5)
  2 deep elf master archers (Elf:3)
  5 tentacled monstrosities (Vaults:5)
  7 titans
  Murray (Hell)
  5 deep elf blademasters
  Polyphemus (Shoals:3)
  A sphinx (Vaults:5)
  A kraken (Shoals:3)
  4 storm dragons
  Kirke (Shoals:3)
  6 shadow dragons
  5 tengu reavers
  A revenant (Vaults:3)
  Donald (Shoals:2)
  6 frost giants
  2 draconian knights
  17 vault wardens
  8 fire giants
  9 deep elf sorcerers
  3 iron dragons
  9 emperor scorpions (Spider:4)
  A ghost moth (Spider:4)
  3 balrugs
  A cacodemon (Hell)
  Louise (Elf:1)
  A draconian annihilator (Depths:4)
  5 deep elf elementalists (Elf:3)
  3 orc warlords
  14 ironbound preservers
  2 reapers (Hell)
  5 ironbound thunderhulks
  21 very ugly things
  2 broodmothers (Spider:4)
  7 spriggan defenders
  16 stone giants
  5 war gargoyles
  A lorocyproca (Depths:3)
  A green draconian (Depths:4)
  11 deep elf demonologists
  10 deep elf annihilators
  A purple draconian (Depths:4)
  Nessos (Lair:3)
  A black draconian (Depths:4)
  2 red draconians (Depths:4)
  10 dire elephants
  7 white draconians
  11 spark wasps
  A crystal guardian (Vaults:2)
  A blizzard demon (Hell)
  A green death (Hell)
  12 deep elf death magi
  A minotaur (Gauntlet)
  2 merfolk javelineers (Shoals:4)
  18 ettins
  2 spectral krakens (Shoals:2)
  17 yaktaur captains
  2 statues (D:14)
  5 entropy weavers
  8 fire dragons
  7 great orbs of eyes
  A rakshasa (Depths:1)
  7 merfolk impalers
  9 deep elf high priests
  10 hydras
  13 ice dragons
  2 salamander tyrants (D:14)
  19 centaur warriors
  A hell beast (Hell)
  2 jorogumos (Spider:2)
  43 vault guards
  7 spriggan air magi
  Fannar (Orc:1)
  4 radroaches
  Erica (D:9)
  A boulder beetle (shapeshifter) (D:13)
  2 ghost crabs (Shoals:2)
  5 ironbound frosthearts
  3 merfolk avatars
  A peacekeeper (Vaults:1)
  3 ogre magi
  2 catoblepae
  An alligator snapping turtle (shapeshifter) (Vaults:5)
  5 boulder beetles
  A satyr (Shoals:3)
  6 merfolk aquamancers (Shoals:4)
  2 death knights (Vaults:3)
  3 hell hogs
  9 deep troll earth magi
  13 death yaks
  A titan zombie (Depths:3)
  3 two-headed ogres
  A vampire mage (Depths:1)
  25 dancing weapons
  8 tengu warriors
  4 deep troll shamans
  6 orc high priests
  Nergalle (Lair:2)
  19 hell knights
  8 spriggan berserkers
  14 sun demons
  The ghost of raph the Tainter, a journeyman FeVM of Sif Muna (Lair:5)
  A crystal echidna (Hell)
  7 iron trolls
  21 deep elf knights
  A salamander mystic (Depths:2)
  3 skysharks
  2 soul eaters
  A sun moth (Spider:2)
  A fire crab (Lair:4)
  4 pharaoh ants
  28 deep trolls
  7 orb spiders
  10 sea snakes
  11 lindwurms
  5 flayed ghosts
  5 glowing orange brains
  A swamp dragon (shapeshifter) (Vaults:5)
  8 steelbarb worms
  Pikel (D:5)
  17 harpies
  An orange crystal statue (IceCv)
  17 deep elf archers
  17 ironbound convokers
  8 necromancers
  12 wizards
  10 orc knights
  4 phantasmal warriors
  A glowing shapeshifter (Depths:4)
  14 cyclopes
  26 deep elf pyromancers
  35 deep elf zephyrmancers
  15 wolf spiders
  29 ugly things
  3 orc sorcerers (Orc:2)
  17 manticores
  3 moths of wrath
  3 salamanders (Depths:2)
  A salamander (shapeshifter) (Depths:3)
  A sphinx skeleton (Depths:3)
  17 fauns
  An ice statue (Lair:1)
  A manticore (shapeshifter) (Depths:2)
  11 merfolk sirens
  Maurice (D:9)
  4 elephants
  2 molten gargoyles (Hell)
  16 vault sentinels
  4 water nymphs
  A guardian serpent (Lair:5)
  11 black mambas
  A gargoyle (D:12)
  8 demonic crawlers
  8 cane toads
  2 torpor snails
  3 smoke demons
  7 storm dragon simulacra
  4 orange demons
  An efreet (D:13)
  2 unseen horrors
  A hellion (Hell)
  3 rime drakes
  4 kobold demonologists
  2 yaktaurs (shapeshifter)
  31 yaktaurs
  14 komodo dragons
  4 freezing wraiths
  An ice devil (Hell)
  9 tengu conjurers
  25 merfolk
  A hydra zombie (Hell)
  8 trolls
  4 large abominations (Elf:1)
  6 golden dragon simulacra (IceCv)
  4 spectral merfolk (Shoals:2)
  7 wind drakes
  A queen bee (shapeshifter) (D:14)
  19 blink frogs
  13 polar bears
  8 hornets
  22 tarantellas
  11 dream sheep
  31 jumping spiders
  7 snapping turtles
  A ynoxinul (Depths:3)
  12 culicivoras
  9 spriggans
  7 air elementals
  46 yaks
  15 wyverns
  30 slime creatures
  8 water elementals
  5 fire elementals
  A human (shapeshifter) (Elf:2)
  4 hogs (Shoals:3)
  Grum (D:10)
  54 redbacks
  2 basilisks
  8 vampire mosquitoes
  A chaos spawn (Depths:3)
  A steam dragon (D:5)
  6 wargs
  17 hell hounds
  A human zombie (Depths:3)
  4 acid dragons
  24 water moccasins
  A floating eye (shapeshifter) (Depths:4)
  34 orc warriors
  13 black bears
  A sky beast (D:6)
  A black bear (shapeshifter) (D:13)
  3 ice dragon simulacra (IceCv)
  6 ogres
  11 centaurs
  42 wolves
  2 phantoms (D:5)
  A lemure (D:5)
  2 elf zombies (Elf:1)
  7 kobold brigands
  12 bullfrogs
  2 earth elementals
  A gnoll sergeant (D:9)
  5 scorpions
  10 wights
  17 killer bees
  6 lindwurm simulacra (IceCv)
  9 electric eels
  9 howler monkeys
  4 hounds
  A jelly (D:7)
  9 orc priests
  Crazy Yiuf (D:5)
  A sleepcap (D:6)
  An iguana (D:4)
  21 orc wizards
  Terence (D:3)
  A centaur simulacrum (D:9)
  Robin (D:3)
  3 gnolls (D:2)
  2 white imps
  3 dart slugs
  A worm (D:5)
  61 orcs
  6 bats
  4 endoplasms (D:1)
  2 giant cockroaches (D:4)
  10 hobgoblins
  6 quokkas
  6 ball pythons
  4 frilled lizards
  12 goblins
  23 kobolds
  A rat (D:1)
  4 tentacles
1944 creatures vanquished.

Vanquished Creatures (collateral kills)
  Xtahua (Vaults:2)
  2 doom hounds (Hell)
  A hellephant (Hell)
  2 sphinxes
  2 fire giants
  A vault warden (Vaults:2)
  An ironbound preserver (Vaults:2)
  A war gargoyle (Vaults:2)
  A reaper (Hell)
  A quicksilver ooze (Gauntlet)
  3 very ugly things
  A fire dragon (Depths:3)
  2 ettins (Vaults:4)
  A blizzard demon (Hell)
  A peacekeeper (Vaults:2)
  A boulder beetle (Vaults:1)
  A centaur warrior (Shoals:4)
  A hell hog (Hell)
  A deep troll earth mage (Depths:1)
  2 sun demons (Hell)
  An iron troll (Depths:4)
  7 deep trolls
  3 harpies
  A deep elf pyromancer (Elf:1)
  An ironbound convoker (Vaults:2)
  2 lindwurms
  3 wizards
  An orc knight (Vaults:1)
  A necromancer (Depths:3)
  A wolf spider (Spider:3)
  9 ugly things
  A cyclops (Shoals:4)
  A rust devil (Hell)
  A torpor snail (Spider:3)
  2 vault sentinels
  2 smoke demons (Hell)
  4 yaktaurs
  A merfolk (Shoals:4)
  A polar bear (Lair:5)
  A wind drake (shapeshifter) (Vaults:4)
  A jumping spider (Spider:3)
  A slime creature (Vaults:1)
  A wyvern (Lair:5)
  A redback (Vaults:1)
  A hell hound (Lair:5)
  An orc warrior (Orc:2)
  A centaur (D:9)
  2 orc priests
  2 orcs (Orc:2)
82 creatures vanquished.

Vanquished Creatures (others)
  A hell beast (Hell)
  A spriggan air mage (Depths:4)
  A deep elf knight (Elf:1)
  A deep elf zephyrmancer (Elf:1)
  4 deep elf pyromancers
  A manticore (Shoals:3)
  A water elemental (Elf:1)
  A hound (D:5)
  A goblin (D:3)
  A hobgoblin (D:3)
  49 fungi
  134 plants
  12 tentacles
  12 withered plants (Shoals:2)
220 creatures vanquished.

Grand Total: 2246 creatures vanquished

Notes
Turn   | Place    | Note
-------+----------+-------------------------------------------
     0 | D:1      | LLlMATKO the Minotaur Berserker began the quest for the
                  | Orb.
     0 | D:1      | Reached XP level 1. HP: 19/19 MP: 0/0
   143 | D:1      | Reached XP level 2. HP: 27/27 MP: 1/1
   480 | D:1      | Found Ettuj's Distillery.
  1133 | D:2      | Reached ** piety under Trog
  1134 | D:2      | Reached XP level 3. HP: 33/33 MP: 2/2
  1637 | D:2      | Reached XP level 4. HP: 36/41 MP: 3/3
  1896 | D:3      | Noticed Robin
  1896 | D:3      | Noticed Terence
  1896 | D:3      | Found a faded altar of an unknown god.
  1907 | D:3      | Killed Robin
  1909 | D:3      | Killed Terence
  2030 | D:3      | Noticed a water moccasin
  2033 | D:3      | Killed a water moccasin
  2034 | D:3      | Reached skill level 5 in Fighting
  2034 | D:3      | Reached skill level 5 in Axes
  2034 | D:3      | Reached XP level 5. HP: 48/48 MP: 4/4
  2136 | D:3      | Identified the +7 short sword "Voawehir" {antimagic, rN+}
  2232 | D:3      | Found a white marble altar of Elyvilon.
  2539 | D:4      | Reached XP level 6. HP: 51/56 MP: 5/5
  2772 | D:4      | Reached *** piety under Trog
  2862 | D:4      | Reached skill level 5 in Armour
  2922 | D:4      | Reached XP level 7. HP: 61/62 MP: 6/6
  3271 | D:5      | Entered Level 5 of the Dungeon
  3479 | D:5      | Noticed a +0 short sword
  3480 | D:5      | Noticed a +0 falchion
  3480 | D:5      | Noticed a +0 dagger
  3480 | D:5      | Noticed a +0 falchion
  3480 | D:5      | Noticed a +0 short sword
  3480 | D:5      | Noticed a +0 spear
  3482 | D:5      | Noticed a +0 spear
  3482 | D:5      | Noticed a +0 dagger
  3484 | D:5      | Noticed a steam dragon
  3486 | D:5      | Reached skill level 5 in Dodging
  3505 | D:5      | Killed a steam dragon
  3666 | D:5      | Noticed Pikel
  3678 | D:5      | Killed Pikel
  3679 | D:5      | Reached XP level 8. HP: 73/73 MP: 7/7
  3730 | D:5      | Found an iron altar of Okawaru.
  4010 | D:5      | Found a runed translucent door.
  4011 | D:5      | Noticed Crazy Yiuf
  4127 | D:5      | Found a hide-covered altar of Uskayaw.
  4312 | D:5      | Found a glowing golden altar of the Shining One.
  4378 | D:5      | Killed Crazy Yiuf
  4403 | D:5      | Identified the +1 hammer "Detoysor" {freeze, +Blink rC-
                  | Will+ Str+6}
  4595 | D:6      | Found a staircase to the Ecumenical Temple.
  4997 | D:7      | Reached XP level 9. HP: 79/81 MP: 8/8
  5077 | D:7      | Found an ancient bone altar of Kikubaaqudgha.
  5107 | D:7      | Found a sparkling altar of Nemelex Xobeh.
  5187 | D:7      | Found a bloodstained altar of Trog.
  6083 | D:8      | Found a blossoming altar of Fedhas.
  6165 | D:8      | Found an opulent altar of Gozag.
  6240 | D:8      | Paralysed by a hornet for 3 turns
  6520 | D:8      | Reached **** piety under Trog
  6899 | D:9      | Noticed Erica
  6916 | D:9      | Killed Erica
  6917 | D:9      | Reached XP level 10. HP: 88/91 MP: 9/9
  6924 | D:9      | Found a shimmering altar of Xom.
  7583 | D:9      | Noticed a centaur warrior
  7588 | D:9      | Killed a centaur warrior
  7589 | D:9      | Reached skill level 10 in Fighting
  7589 | D:9      | Reached skill level 10 in Axes
  7601 | D:9      | Noticed a cyclops
  7642 | D:9      | Killed a cyclops
  7796 | D:9      | Reached skill level 10 in Armour
  7800 | D:9      | Noticed a fire dragon
  7807 | D:9      | Identified the +2 great sword of Eternal Harmony {freeze,
                  | rC+ Will+ Dex+4}
  7810 | D:9      | Killed a fire dragon
  7838 | D:9      | Noticed a cyclops
  7842 | D:9      | Killed a cyclops
  7883 | D:9      | Reached XP level 11. HP: 87/101 MP: 10/10
  8383 | D:9      | Noticed Maurice
  8399 | D:9      | Killed Maurice
  8400 | D:9      | Reached skill level 10 in Dodging
  9488 | D:9      | Found a shimmering altar of Xom.
  9984 | D:10     | Entered Level 10 of the Dungeon
 10023 | D:10     | Identified the +5 ring mail "Hivir" {Drain rPois Will+
                  | Int+5}
 10185 | D:10     | Noticed Grum
 10191 | D:10     | Killed Grum
 10494 | D:10     | Found a staircase to the Orcish Mines.
 10671 | D:11     | Found a staircase to the Lair.
 10676 | D:11     | Noticed a sixfirhy
 10900 | D:11     | Noticed a brown ugly thing
 10908 | D:11     | Killed a brown ugly thing
 11336 | Lair:1   | Entered Level 1 of the Lair of Beasts
 11359 | Lair:1   | Reached skill level 1 in Shields
 11857 | Lair:1   | Reached XP level 12. HP: 65/112 MP: 11/11
 12608 | Lair:2   | Noticed a death yak
 12609 | Lair:2   | Noticed a death yak
 12619 | Lair:2   | Killed a death yak
 12623 | Lair:2   | Killed a death yak
 12806 | Lair:2   | Found a staircase to the Shoals.
 12962 | Lair:2   | Noticed Nergalle
 12983 | Lair:2   | Killed Nergalle
 13414 | Lair:2   | Reached ***** piety under Trog
 13442 | Lair:2   | Found a hole to the Spider Nest.
 13676 | Lair:3   | Reached skill level 5 in Shields
 14563 | Lair:3   | Noticed Nessos
 14574 | Lair:3   | Killed Nessos
 14575 | Lair:3   | Reached XP level 13. HP: 108/122 MP: 12/12
 15100 | Lair:4   | Identified a scroll of acquirement
 15100 | Lair:4   | Acquired the +2 hat of the Swamp {Regen+}
 15378 | Lair:4   | Found a gate leading to a gauntlet.
 15382 | Gauntlet | Entered a Gauntlet
 15382 | Gauntlet | Found a transporter.
 15409 | Gauntlet | Found a transporter.
 15421 | Gauntlet | Found a transporter.
 15425 | Gauntlet | Found a transporter.
 15435 | Gauntlet | Found a transporter.
 15456 | Gauntlet | Found a transporter.
 15469 | Gauntlet | Found a transporter.
 15470 | Gauntlet | Noticed a quicksilver ooze
 15486 | Gauntlet | Found a transporter.
 15490 | Gauntlet | Found a transporter.
 15491 | Gauntlet | Noticed a dire elephant
 15498 | Gauntlet | Found a transporter.
 15523 | Gauntlet | Found a transporter.
 15527 | Gauntlet | Found a transporter.
 15531 | Gauntlet | Found a runed translucent door.
 15532 | Gauntlet | Found a runed translucent door.
 15606 | Gauntlet | Killed a dire elephant
 15614 | Gauntlet | Identified the amulet "Bowymy" {Reflect +Inv rElec SH+5
                  | Stlth+}
 15616 | Gauntlet | Identified the staff of earth "Icsiali" {rF+ Int+3}
 15658 | Gauntlet | Killed a quicksilver ooze
 15701 | Gauntlet | Noticed a minotaur
 15709 | Gauntlet | Killed a minotaur
 15738 | Gauntlet | Identified the +0 robe "Viplug" {rF+ rC+ Str-5 SInv}
 15740 | Gauntlet | Identified the +1 robe of the Gate {Slay+3 SInv Stlth+}
 16725 | Lair:5   | Entered Level 5 of the Lair of Beasts
 16786 | Lair:5   | Reached XP level 14. HP: 133/133 MP: 13/13
 16790 | Lair:5   | Found a staircase to the Slime Pits.
 16790 | Lair:5   | Found a viscous altar of Jiyva.
 16968 | Lair:5   | Received a gift from Trog
 17455 | Lair:5   | Reached skill level 15 in Fighting
 17455 | Lair:5   | Reached skill level 15 in Axes
 17507 | Lair:5   | Found a runed translucent gate.
 17508 | Lair:5   | Found a runed translucent gate.
 17509 | Lair:5   | Found a runed translucent gate.
 17510 | Lair:5   | Noticed raph's ghost (journeyman FeVM)
 17570 | Lair:5   | Paralysed by a hornet for 3 turns
 17740 | Lair:5   | Reached skill level 15 in Armour
 17966 | Lair:5   | Reached skill level 10 in Shields
 18384 | Lair:5   | Killed raph's ghost
 18609 | Lair:1   | Identified the ring "Nuluat" {rN+ rCorr MP+9 Int+4}
 18688 | Lair:1   | Identified the +7 short sword "Roonurr" {speed, rC- rN+
                  | Int-3 Dex+9}
 18757 | Orc:1    | Entered Level 1 of the Orcish Mines
 18775 | Orc:1    | Noticed Fannar
 18788 | Orc:1    | Killed Fannar
 18793 | Orc:1    | Received a gift from Trog
 19058 | Orc:2    | Entered Level 2 of the Orcish Mines
 19058 | Orc:2    | Found a staircase to the Elven Halls.
 19062 | Orc:2    | Reached XP level 15. HP: 141/141 MP: 14/14
 19228 | Orc:2    | Found Ariplu's General Store.
 19299 | Orc:2    | Paralysed by an orc sorcerer for 2 turns
 19410 | Orc:2    | Found Goem's Antique Armour Boutique.
 19477 | Orc:2    | Found Petyrhim's Book Boutique.
 19510 | Orc:2    | Found Buuptos's Antique Weapon Shoppe.
 19845 | Orc:2    | Found Ariplu's General Store.
 19862 | Orc:2    | Found a staircase to the Elven Halls.
 20007 | Orc:2    | Found Goem's Antique Armour Boutique.
 20023 | Orc:2    | Found Petyrhim's Book Boutique.
 20047 | Orc:2    | Found Buuptos's Antique Weapon Shoppe.
 20279 | Orc:2    | Bought +1 gold dragon scales for 1131 gold pieces
 20390 | D:12     | Found a flickering gateway to a bazaar.
 20402 | Bazaar   | Entered a bazaar
 20421 | Bazaar   | Found Oleulex's Armour Shoppe.
 20422 | Bazaar   | Found Narch's Antique Armour Shoppe.
 20465 | Bazaar   | Found Soajifimn's Armour Emporium.
 20465 | Bazaar   | Found Yrit's Armour Emporium.
 21123 | D:13     | Found a gate to the Vaults.
 21869 | D:13     | Found a glowing golden altar of the Shining One.
 22038 | D:14     | Found a frozen archway.
 22047 | IceCv    | Entered an ice cave
 22294 | IceCv    | Noticed a white draconian knight
 22313 | IceCv    | Reached skill level 15 in Dodging
 22315 | IceCv    | Killed a white draconian knight
 22380 | IceCv    | Identified the ring "Rofoajol" {Fly MP+9 Str+4 Dex-2
                  | Slay+2}
 22661 | D:14     | Found Qien Ket's Antique Weapon Emporium.
 23078 | D:14     | Received a gift from Trog
 23097 | D:14     | Reached XP level 16. HP: 152/152 MP: 15/15
 23111 | D:14     | Found a radiant altar of Vehumet.
 23111 | D:14     | Noticed Jorgrun
 23123 | D:14     | Killed Jorgrun
 23257 | D:14     | Identified the staff of air "Qoennoopn" {rElec rN++ Int+2}
 23491 | D:15     | Entered Level 15 of the Dungeon
 24004 | D:15     | Found a staircase to the Depths.
 24259 | D:15     | Noticed Rupert
 24273 | D:15     | Killed Rupert
 24624 | Shoals:1 | Entered Level 1 of the Shoals
 24835 | Shoals:1 | Reached ****** piety under Trog
 24872 | Shoals:1 | Found Nioch's Armour Boutique.
 25023 | Shoals:1 | Received a gift from Trog
 25047 | Shoals:1 | Found Ontiats's Distillery.
 25502 | Shoals:1 | Found Exumpa's General Store.
 25846 | Shoals:2 | Noticed Donald
 25856 | Shoals:2 | Killed Donald
 25968 | Shoals:2 | Identified the +9 great sword of the Vanishing Brambles
                  | {pain, +Blink rPois rF- Dex+4}
 26754 | Shoals:3 | Reached XP level 17. HP: 106/163 MP: 16/16
 26762 | Shoals:3 | Noticed Kirke
 26916 | Shoals:3 | Killed Kirke
 27172 | Shoals:3 | Noticed Polyphemus
 27188 | Shoals:3 | Killed Polyphemus
 27394 | Shoals:3 | Noticed a kraken
 27400 | Shoals:3 | Killed a kraken
 27483 | Shoals:4 | Entered Level 4 of the Shoals
 27566 | Shoals:4 | Received a gift from Trog
 29157 | Shoals:4 | Found the amulet of the Four Winds {rN+ Will+++ Clar}
 29289 | Shoals:4 | Got a barnacled rune of Zot
 30412 | Spider:1 | Entered Level 1 of the Spider Nest
 30414 | Spider:1 | Received a gift from Trog
 30860 | Spider:2 | Reached skill level 15 in Shields
 30939 | Spider:2 | Reached XP level 18. HP: 173/173 MP: 17/17
 31144 | Spider:2 | Gained mutation: You are clumsy. (Dex -2) [mutagenic glow]
 31151 | Spider:2 | Gained mutation: You are weak. (Str -2) [mutagenic glow]
 31381 | Spider:2 | You are sucked into a shaft and drop 1 floor!
 31664 | Spider:3 | Received a gift from Trog
 32008 | Spider:3 | Noticed Arachne
 32014 | Spider:3 | Killed Arachne
 32229 | Spider:4 | Entered Level 4 of the Spider Nest
 33320 | Spider:4 | Received a gift from Trog
 33818 | Spider:4 | Got a gossamer rune of Zot
 33828 | Spider:4 | Identified the orb of the Bulwark {guile, Harm rElec rN+++
                  | Int-4}
 34064 | Elf:1    | Entered Level 1 of the Elven Halls
 34225 | Elf:1    | Identified the +5 broad axe of Agralun {flame, *Rage rElec
                  | rN+++ Str+2} (Trog gifted it to you on level 1 of the Elven
                  | Halls)
 34225 | Elf:1    | Received a gift from Trog
 34561 | Elf:1    | Identified the +1 tower shield of Xuwn {Will+ rCorr Dex+4}
 34561 | Elf:1    | Noticed Louise
 34578 | Elf:1    | Killed Louise
 34642 | Elf:1    | Reached XP level 19. HP: 184/184 MP: 18/18
 34813 | Elf:1    | Received a gift from Trog
 35753 | Elf:2    | Paralysed by an air elemental for 1 turns
 35819 | Elf:2    | Paralysed by an air elemental for 1 turns
 35937 | Elf:2    | Found Ycved's Magic Scroll Boutique.
 35966 | Elf:2    | Bought a scroll of magic mapping for 82 gold pieces
 36358 | Elf:2    | Found a runed translucent gate.
 36359 | Elf:2    | Found a runed translucent gate.
 36359 | Elf:2    | Found a runed translucent gate.
 36839 | Elf:2    | Received a gift from Trog
 37432 | Elf:2    | Found Ycved's Magic Scroll Boutique.
 38023 | Elf:3    | Entered Level 3 of the Elven Halls
 38090 | Elf:3    | Noticed a Brimstone Fiend
 38377 | Elf:3    | Found a huge runed translucent gate.
 38377 | Elf:3    | Found a huge runed translucent gate.
 38377 | Elf:3    | Found a huge runed translucent gate.
 38377 | Elf:3    | Found a huge runed translucent gate.
 38377 | Elf:3    | Found a huge runed translucent gate.
 38377 | Elf:3    | Found a huge runed translucent gate.
 38377 | Elf:3    | Found a huge runed translucent gate.
 38378 | Elf:3    | Found a huge runed translucent gate.
 38642 | Elf:3    | Identified the +5 double sword of Guile {protect, rElec
                  | Int+2 Dex-2 SInv}
 39019 | Elf:3    | Received a gift from Trog
 39082 | Elf:3    | Identified the +2 leather armour "Nawnaef" {+Blink}
 39114 | Elf:3    | Identified the +1 triple sword of Cowardice {drain, Str+5
                  | Stlth+}
 39147 | Elf:3    | Identified the +3 glaive of Acsiryax {drain, Dex+3}
 39521 | Elf:3    | Reached XP level 20. HP: 172/195 MP: 9/19
 40178 | Elf:3    | Identified the staff of death "Wakuest" {rN+ Stlth+}
 41022 | Vaults:1 | Entered Level 1 of the Vaults
 41303 | Vaults:1 | Received a gift from Trog
 42224 | Vaults:2 | Noticed Xtahua
 42233 | Vaults:2 | Killed Xtahua
 42257 | Vaults:2 | Received a gift from Trog
 42306 | Vaults:2 | Reached XP level 21. HP: 140/205 MP: 20/20
 42308 | Vaults:2 | You are sucked into a shaft and drop 2 floors!
 42493 | Vaults:4 | Identified the +5 flail "Xoom Ute" {pain, rPois Str+3}
 42644 | Vaults:3 | Received a gift from Trog
 42949 | Vaults:3 | Found a runed translucent door.
 42949 | Vaults:3 | Noticed rgbqcd's ghost (veteran MiBe)
 43074 | Vaults:3 | Found a staircase to the Crypt.
 43440 | Vaults:3 | Identified the +8 war axe of Quick Death {flame, rPois
                  | rCorr} (Trog gifted it to you on level 3 of the Vaults)
 43440 | Vaults:3 | Received a gift from Trog
 44786 | Vaults:2 | Noticed Mennas
 44802 | Vaults:2 | Killed Mennas
 45662 | Vaults:3 | Killed rgbqcd's ghost
 45675 | Vaults:3 | Acquired the +1 broad axe of Karma {heavy, Str-3 Int+4}
 46023 | Vaults:4 | Found Nufrux's Distillery.
 46221 | Vaults:4 | Reached XP level 22. HP: 206/217 MP: 21/21
 46340 | Vaults:4 | Received a gift from Trog
 47234 | Orc:2    | Bought a bloodstained plate armour for 840 gold pieces
 47234 | Orc:2    | Identified the +0 plate armour "Ytaehuj" {rF- Str+3 Int+5
                  | Slay+3} (You bought it in a shop on level 2 of the Orcish
                  | Mines)
 47499 | Vaults:5 | Entered Level 5 of the Vaults
 47505 | Vaults:5 | Noticed a dread lich
 47505 | Vaults:5 | Noticed a golden dragon
 47603 | Vaults:5 | Killed a dread lich
 47603 | Vaults:5 | Noticed a golden dragon
 47672 | Vaults:5 | Killed a golden dragon
 47915 | Vaults:5 | Received a gift from Trog
 48058 | Vaults:4 | Killed a golden dragon
 48110 | Vaults:5 | Identified the staff of conjuration "Norus" {Int+3}
 48113 | Vaults:5 | Received a gift from Trog
 48269 | Vaults:5 | Reached XP level 23. HP: 94/227 MP: 22/22
 48494 | Vaults:5 | Got a silver rune of Zot
 48617 | Vaults:5 | Received a gift from Trog
 48679 | Vaults:5 | Noticed an ancient lich
 48685 | Vaults:5 | Killed an ancient lich
 48732 | Vaults:5 | Identified the ring of Zobia {Ice Str-4 Dex+4}
 48740 | Vaults:5 | Acquired the +0 pair of gloves of Kycy {Rampage}
 49257 | Vaults:5 | Identified the +1 sling of Defiance {heavy, Str+2}
 49298 | Vaults:5 | Identified the staff of earth "Qoehot" {rC+ Int+3 Stlth+}
 49396 | Vaults:5 | Identified the staff of cold "Quolyst" {rC+ Dex+7}
 50276 | Depths:1 | Entered Level 1 of the Depths
 50277 | Depths:1 | Found a bloodstained altar of Trog.
 50295 | Depths:1 | Noticed Nikola
 50307 | Depths:1 | Killed Nikola
 50689 | Depths:1 | Found a one-way gateway to a ziggurat.
 50713 | Depths:1 | Noticed the Enchantress
 50727 | Depths:1 | Killed the Enchantress
 50892 | Depths:1 | Found a gateway to Hell.
 51350 | Depths:2 | Found a one-way gate leading to the halls of Pandemonium.
 51428 | Depths:2 | Noticed a caustic shrike
 51437 | Depths:2 | Received a gift from Trog
 51437 | Depths:2 | Noticed Sojobo
 51467 | Depths:2 | Killed a caustic shrike
 51760 | Depths:2 | Killed Sojobo
 51867 | Depths:2 | Reached XP level 24. HP: 202/238 MP: 22/22
 51939 | Depths:2 | Identified the staff of poison "Osaytum" {rPois rCorr Str-5
                  | SInv}
 51956 | Depths:2 | Identified the +7 rapier of Severance {venom, Fly rC+ rN+++
                  | Str-4}
 52074 | Depths:2 | Identified the +8 demon whip "Iczar" {elec, Fragile rF+
                  | rCorr}
 52236 | Depths:2 | Found a one-way gate leading to the halls of Pandemonium.
 52989 | Depths:3 | Reached XP level 25. HP: 225/246 MP: 22/22
 53171 | Depths:3 | Identified the +6 broad axe of Epiup {antimagic, rC++}
                  | (Trog gifted it to you on level 3 of the Depths)
 53171 | Depths:3 | Received a gift from Trog
 53179 | Depths:3 | Found a runed translucent door.
 53180 | Depths:3 | Noticed Ralhos's ghost (adept MiBe)
 53186 | Depths:3 | Noticed Frederick
 53200 | Depths:3 | Killed Frederick
 53688 | Depths:3 | Found a one-way gate to the infinite horrors of the Abyss.
 53832 | Depths:3 | Killed Ralhos's ghost
 54186 | Depths:3 | Found a one-way gate to the infinite horrors of the Abyss.
 54620 | Depths:4 | Entered Level 4 of the Depths
 54880 | Depths:4 | Gained mutation: You occasionally lose the ability to read
                  | scrolls when taking damage. [a neqoxec]
 55001 | Depths:4 | Found a gate to the Realm of Zot.
 55594 | Depths:4 | Found a gate to the Realm of Zot.
 56088 | Hell     | Entered the Vestibule of Hell
 56094 | Hell     | Noticed Geryon
 56121 | Hell     | Noticed Murray
 56126 | Hell     | Received a gift from Trog
 56135 | Hell     | Killed Geryon
 56147 | Hell     | Killed Murray
 56198 | Hell     | HP: 8/249 [iron golem (21)]
 56203 | Hell     | HP: 4/249 [iron golem (21)]
 56204 | Hell     | Demolished by an iron golem

Illustrated notes

Levels and vault maps discovered:
D:1:      minmay_arrival_pointy, layout_basic, serial_shops,
          nicolae_shop_industrial_runoff, minmay_tetromino_o4
D:2:      layout_loops_cross, minmay_misc_feat_columns
D:3:      layout_rooms, nicolae_elyvilon_peaceful_grove,
          ebering_ecumenical_altar_rust, serial_park_tiny_1, uniq_robin,
          uniq_terence
D:4:      layout_basic
D:5:      layout_cave_pods, nicolae_uskayaw_en_pointe, okawaru_trees_1,
          lemuel_tele_altar, uniq_crazy_yiuf_cottage, uniq_pikel
D:6:      layout_rooms, minmay_temple_entry_grid
D:7:      layout_basic, mainiacjoe_overflow_brackets,
          mainiacjoe_overflow_alcove_2, mainiacjoe_overflow_paths
D:8:      layout_basic, nicolae_gozag_cash_rules_everything_around_me,
          fedhas_altar_3
D:9:      nzn_winding_woodlands_large [nzn_winding_woodlands_5x5_closed_star,
          nzn_winding_woodlands_5x15_sawtooth,
          nzn_winding_woodlands_5x5_perimeter,
          nzn_winding_woodlands_center_diamonds,
          nzn_winding_woodlands_15x15_killbox,
          nzn_winding_woodlands_center_garden, nzn_winding_woodlands_hourglass,
          nzn_winding_woodlands_5x15_sidewinder,
          nzn_winding_woodlands_5x5_cross], layout_loops_corners,
          mainiacjoe_overflow_tiny_flanked, minmay_crystal_water, uniq_erica,
          uniq_maurice
D:10:     layout_rooms, orc_0_dummy, uniq_grum
D:11:     layout_cave_pools, lair_entry_dummy, serial_bayou_lagoon_a,
          minmay_misc_feat_x
D:12:     layout_cave_pools, serial_shops, freezing_bzr, drop_trap,
          chequers_garden
D:13:     layout_roguey, david_vaults_2, nicolae_tso_swordbearing_angel
D:14:     evilmike_halls_of_destruction, layout_cave_pools,
          hellmonk_bongcloud_opening, serial_shops,
          nicolae_shop_just_a_little_nook, portal_ice_cave_entry_pillars_2,
          einodemon_barbed_minivault
D:15:     grunt_enter_depths_hoard, layout_loops_corners, hex_medium,
          uniq_rupert
Lair:1:   statuecave_lemuel, layout_regular_city, nzn_random_ring
Lair:2:   layout_chaotic_city, minmay_shoals_entry_centaurs,
          spider_nest_entry_web_field, uniq_nergalle
Lair:3:   layout_roguey, minivault_19, serial_bayou_lagoon_b,
          infiniplex_staircase_pool, uniq_nessos
Lair:4:   layout_regular_city, gauntlet_entry_generic, forest_entry_grove
Lair:5:   hangedman_lair_tendril_chambers, layout_regular_city,
          hangedman_lair_caniforms_friends, slime_entry_1,
          gammafunk_ghost_hydra_chop
Shoals:1: layout_shoals, serial_shops, shop, nicolae_shop_peninsula,
          nicolae_shop_rolling_square, nicolae_shoals_this_corrosion
Shoals:2: layout_shoals, nicolae_shoals_spectral_cove, uniq_donald, uniq_jorgrun
Shoals:3: layout_shoals, uniq_polyphemus, uniq_kirke
Shoals:4: shoals_end_grunt_ice, layout_shoals, hangedman_shoals_cup_caves
Spider:1: layout_spider_delve, drop_trap
Spider:2: layout_spider_delve
Spider:3: layout_spider_delve, nicolae_spider_spiderdrome, uniq_arachne
Spider:4: grunt_spider_rune_circles
Orc:1:    layout_caves, basic_altar, uniq_fannar
Orc:2:    grunt_orc_gardens, layout_caves, grunt_orc_garden, grunt_orc_garden,
          grunt_orc_garden, grunt_orc_garden
Elf:1:    minmay_elf_arrival_plus, layout_loops_cross, minmay_elf_necromancy,
          hangedman_corner_corridor, uniq_louise
Elf:2:    nicolae_elf_blades_crystal_corner, layout_loops_corners, serial_shops,
          nicolae_shop_competitors_out_of_business, serial_glass,
          glass_columns_a, glass_columns_a, minmay_strange_pillars, minivault_23
Elf:3:    minmay_elf_hall_x, layout_loops_ring, st_stairs_11,
          nicolae_elf_double_double_double_trouble
Vaults:1: nicolae_vaults_layer_cake_slice, nicolae_vaults_specimen_jars,
          v_misc_3, vaults_mumra_chevron, vaults_dpeg_spiral, v_alt_pattern_1,
          vaults_standard_mumra_x, grunt_vaults_twisty, v_misc_12,
          layout_vaults_quadrants
Vaults:2: nicolae_vaults_little_squares_3, ontoclasm_vaults_idyll, v_rooms_3,
          hangedman_vaults_stretched_pinwheel, vaults_room_guarded_vault,
          vaults_room_hallway, nicolae_vaults_wine_cellar, v_rooms_1,
          v_pattern_1, ontoclasm_vaults_gateway,
          nicolae_vaults_little_squares_6, nicolae_vaults_storage_room_water,
          nicolae_vaults_mitosis, nicolae_vaults_little_squares_3,
          nicolae_vaults_closet_pinwheel_1, ontoclasm_vaults_loading_screen,
          layout_vaults_ring, uniq_xtahua, uniq_mennas
Vaults:3: hellmonk_ghost_happy_afterlife, nicolae_vaults_closet_pinwheel_1,
          vaults_dpeg_cross, v_rooms_6, minmay_crypt_entry_simple_box,
          nicolae_vaults_storage_room_glass, nicolae_vaults_apartment_1,
          nicolae_vaults_door_testing_chamber, nicolae_vaults_theta,
          nicolae_vaults_diamond_1, ontoclasm_vaults_pinch,
          nicolae_vaults_double_plus_1, vaults_room_semicircle,
          nicolae_vaults_variable_pillar_hall_cross, layout_vaults_chaotic_city
Vaults:4: st_greater_box_5, hangedman_vaults_slice,
          nicolae_vaults_oval_intersection, nicolae_vaults_three_branches,
          nicolae_vaults_triangles, nicolae_vaults_double_plus_3,
          nicolae_vaults_trapezoid_4, hangedman_vaults_stretched_pinwheel,
          v_pattern_2, nicolae_vaults_sealed_display,
          nicolae_vaults_mini_display_case, nicolae_vaults_tetromino_L_1,
          nicolae_vaults_trapezoid_lopsided_3, nicolae_vaults_tetromino_T_2,
          layout_vaults_big_cross, serial_shops, shop
Vaults:5
Depths:1: layout_small_grid, enter_ziggurat_d, bloody_trog,
          grunt_hell_entry_dis_grunt, kennysheep_generic_room_7,
          uniq_enchantress, uniq_nikola
Depths:2: minmay_the_grid_3x2 [minmay_the_grid_square_x,
          minmay_the_grid_all_tris, minmay_the_grid_rooms,
          minmay_the_grid_minigrid_small_alt, minmay_the_grid_zigzag_pyramid,
          minmay_the_grid_prize_four_corners_diamond_a], layout_gridlike,
          rand_demon_pan_entry_3, hellmouth_1, grunt_decor_arrowhead,
          hangedman_abyss_or_decor_jellyfish_corner, uniq_sojobo
Depths:3: minmay_isolated_rectangles_in_corner, layout_cave_shapes,
          rand_demon_pan_entry_7, chequers_serial_rivers_marsh,
          ebering_ghost_reflecting_pool, hell_entry, abyss_entry,
          grunt_megastairs_5, infiniplex_staircase_pool_2, uniq_frederick
Depths:4: grunt_zot_entry_hairpin, layout_small_grid, abyss_entry_glasseish,
          pan_entry, grunt_metal_band, chequers_serial_rivers_large_a
Hell

Skill      XL: |  1  2  3  4  5  6  7  8  9 10 11 12 13 14 15 16 17 18 19 20 21 22 23 24 25 |
---------------+----------------------------------------------------------------------------+-----
Fighting       | 4 5 7 9 10 12 13 14 15 16 17 18 19 20 21 22 23 24 25 | 25.0
Axes           | 4 5 7 9 10 12 13 14 15 16 17 18 19 20 21 22 23 24 25 | 25.0
Armour         | 3 4 5 6 7 9 10 12 13 14 15 16 17 18 19 20 21 22 23 24 25 | 25.0
Dodging        | 3 4 6 8 9 10 12 13 14 15 16 17 18 19 20 21 22 23 | 23.1
Shields        | 2 6 8 10 12 13 15 16 17 18 19 20 21 22 | 22.8

Action                     |  1- 3 |  4- 6 |  7- 9 | 10-12 | 13-15 | 16-18 | 19-21 | 22-24 | 25-27 || total
---------------------------+-------+-------+-------+-------+-------+-------+-------+-------+-------++-------
  Melee: Hand axe          |    80 |    57 |       |       |       |       |       |       |       ||   137
         Headbutt          |    10 |    15 |    23 |   100 |   197 |   234 |   258 |   183 |   103 ||  1123
         War axe           |       |    32 |   128 |   290 |   175 |       |       |       |       ||   625
         Punch             |       |     1 |     1 |       |       |       |       |       |       ||     2
         Battleaxe         |       |       |    37 |   203 |       |       |       |       |       ||   240
         Broad axe         |       |       |       |       |   605 |  1054 |  1031 |   606 |   348 ||  3644
         Whip              |       |       |       |       |     8 |       |       |       |       ||     8
  Throw: Dart              |     5 |       |     1 |     1 |       |     9 |       |     1 |       ||    17
 Invoke: Berserk           |       |     2 |     8 |    14 |    15 |    11 |     7 |    10 |     3 ||    70
         Trog's Hand       |       |       |       |     3 |    10 |    11 |     9 |    12 |     1 ||    46
         Brothers in Arms  |       |       |       |     1 |     4 |     2 |     2 |     1 |     1 ||    11
    Use: Scroll            |       |       |       |    14 |    18 |     7 |     2 |     5 |       ||    46
         Potion            |       |       |       |       |     1 |       |       |     2 |     3 ||     6
   Stab: Sleeping          |       |       |       |       |       |     2 |       |       |       ||     2
         Distracted        |       |       |       |       |       |       |    11 |     4 |     7 ||    22
         Petrifying        |       |       |       |       |       |       |     1 |       |       ||     1
 Armour: Animal skin       |     9 |       |       |       |       |       |       |       |       ||     9
         Ring mail         |     4 |    11 |       |       |       |       |       |       |       ||    15
         Scale mail        |       |    40 |   111 |   156 |       |       |       |       |       ||   307
         Plate armour      |       |       |       |    90 |   296 |       |       |       |       ||   386
         Gold dragon scale |       |       |       |       |   142 |   730 |   251 |   286 |   108 ||  1517
  Dodge: Dodged            |    54 |    65 |   119 |   341 |   362 |   373 |   203 |   212 |   110 ||  1839
  Block: Kite shield       |       |       |       |   141 |   831 |   712 |       |       |       ||  1684
         Reflection        |       |       |       |       |    29 |   107 |    98 |    43 |     7 ||   284
         Tower shield      |       |       |       |       |       |   503 |   899 |   735 |   326 ||  2463
